 Dungeon Crawl Stone Soup version 0.14-a0-2071-g7172c92 (webtiles) character file.

968 Nicoed the Shield-Bearer (level 7, -12/61 HPs)
             Began as a Minotaur Fighter on Jan 23, 2014.
             Mangled by Menkaure (21 damage)
             ... on Level 4 of the Dungeon.
             The game lasted 00:07:09 (2952 turns).

Nicoed the Shield-Bearer (Minotaur Fighter)         Turns: 2952, Time: 00:07:09

HP -12/61        AC  7     Str 23      XL: 7   Next: 32%
MP   3/3         EV  9     Int  5      God:
Gold 298         SH 11     Dex  9      Spells:  0 memorised,  6 levels left

rFire  . . .     SeeInvis .     s - +1 long sword
rCold  . . .     Clarity  .     b - +0 scale mail
rNeg   . . .     Conserve .     q - +1 dwarf buckler
rPois  .         rCorr    .     w - +0 hat
rElec  .         rRot     .     (no cloak)
SustAb . .       Spirit   .     (no gloves)
rMut   +         Warding  .     (no boots)
Saprov . . .     Stasis   .     x - amulet of resist mutation {unknown}
MR     .....                    (no ring)
                                (no ring)

@: not resistant to hostile enchantments, extremely unstealthy
A: retaliatory headbutt, horns 2
a: no special abilities


You were on level 4 of the Dungeon.
You were not hungry.

You visited 1 branch of the dungeon, and saw 4 of its levels.
You also visited: Sewer.

You collected 298 gold pieces.

Inventory:

Hand weapons
 s - a +1,+1 long sword (weapon)
Armour
 b - a +0 scale mail (worn)
 q - a +1 dwarven buckler (worn)
 w - a +0 hat (worn)
Comestibles
 t - 2 bread rations
 u - a cheese
Scrolls
 c - a scroll of enchant weapon II {unknown}
 d - a scroll of fog {unknown}
 e - 2 scrolls of remove curse {unknown}
 f - a scroll of curse armour {unknown}
 g - 3 scrolls of blinking {unknown}
 h - 6 scrolls of identify {unknown}
 i - 2 scrolls of recharging {unknown}
 k - 4 scrolls of teleportation
 l - a scroll of amnesia {unknown}
 o - 2 scrolls of magic mapping {unknown}
 r - a scroll of enchant armour {unknown}
 v - a scroll of enchant weapon I {unknown}
 y - a scroll of curse weapon {unknown}
Jewellery
 x - an amulet of resist mutation (around neck) {unknown}
Potions
 a - 3 potions of flight
 j - a potion of brilliance {unknown}
 m - a potion of heal wounds
 n - a potion of curing
 p - a potion of cure mutation {unknown}
 z - a potion of beneficial mutation {unknown}
 A - a potion of invisibility {unknown}
 B - a potion of speed {unknown}


   Skills:
 + Level 5.6 Fighting
 + Level 4.3 Long Blades
 + Level 5.4 Armour
 + Level 3.8 Dodging
 + Level 5.9 Shields


You had 6 spell levels left.
You didn't know any spells.

Dungeon Overview and Level Annotations

Branches:
Dungeon (4/16)
 Temple: D:4-7

Altars:
Nemelex Xobeh
Zin

Shops:
D:4 =

Annotations:
D:4 Menkaure


Innate Abilities, Weirdness & Mutations

You reflexively headbutt those who attack you in melee.
You have a pair of horns on your head.


Message History

You barely miss Menkaure.
Menkaure is heavily damaged.
Menkaure calls on the powers of darkness!
Your body is wracked with pain!
* * * LOW HITPOINT WARNING * * *
The worker ant convulses!
You are too injured to fight recklessly!
You are too injured to fight recklessly!
You are too injured to fight recklessly!
You are too injured to fight recklessly!
Unknown command.
You slash Menkaure!
Menkaure is almost destroyed.
Menkaure hits you!
* * * LOW HITPOINT WARNING * * *
You closely miss Menkaure.
Menkaure is almost destroyed.
Menkaure shrieks, "Why can't you leave me to my rest?"
Menkaure closely misses you. Menkaure hits you!
You die...

.###.#.....#
...........#######
####..............
###.(...#####.. #####.# #
#%# ... #.#
#.....#########.#####..
#.....aM@...............#
#.....#######............
... ....................
. #########.#####...# #.#
#.... #.# #### ..# ..# .


You could see Menkaure and a worker ant.

Vanquished Creatures
  An ogre (D:4)
  A centaur (D:3)
  An orc priest (D:4)
  A siren (Sewer)
  An iguana (D:4)
  2 worker ants
  A mermaid (Sewer)
  Jessica (D:2)
  2 green rats
  12 adders
  A giant centipede (D:3)
  2 giant mites
  3 worms
  An adder skeleton (D:4)
  12 grey rats
  7 giant geckos
  4 orcs
  7 ball pythons
  9 bats
  6 giant cockroaches
  10 goblins
  10 hobgoblins
  A quokka (D:2)
  7 giant newts
  A hobgoblin skeleton (D:4)
  11 jackals
  11 kobolds
  23 rats
149 creatures vanquished.

Notes
Turn   | Place    | Note
--------------------------------------------------------------
     0 | D:1      | Nicoed, the Minotaur Fighter, began the quest for the Orb.
     0 | D:1      | Reached XP level 1. HP: 19/19 MP: 1/1
    83 | D:1      | Reached skill level 1 in Dodging
    98 | D:1      | Reached XP level 2. HP: 17/27 MP: 1/1
   169 | D:1      | Found a sparkling altar of Nemelex Xobeh.
   247 | D:1      | Reached skill level 4 in Fighting
   247 | D:1      | Reached XP level 3. HP: 13/33 MP: 2/2
   807 | D:2      | Noticed Jessica
   818 | D:2      | Killed Jessica
   825 | D:2      | Reached XP level 4. HP: 26/40 MP: 2/2
   931 | D:2      | Found a glowing silver altar of Zin.
  1333 | D:3      | Noticed a centaur
  1350 | D:3      | Killed a centaur
  1350 | D:3      | Reached skill level 5 in Shields
  1350 | D:3      | Reached XP level 5. HP: 14/47 MP: 2/2
  2020 | D:3      | Reached XP level 6. HP: 52/55 MP: 3/3
  2083 | D:3      | Reached skill level 5 in Fighting
  2096 | D:3      | Found a glowing drain.
  2100 | Sewer    | Entered a sewer
  2300 | Sewer    | Reached skill level 5 in Armour
  2610 | D:4      | Reached XP level 7. HP: 41/61 MP: 3/3
  2904 | D:4      | Found Samumeoj's Jewellery Shop.
  2941 | D:4      | Noticed Menkaure
  2952 | D:4      | Mangled by Menkaure

Action                   |  1- 3 |  4- 6 |  7- 9 || total
-------------------------+-------+-------+-------++-------
Melee: Falchion          |    96 |   138 |       ||   234
       Long sword        |       |   192 |    49 ||   241
  Use: Potion            |       |     1 |     2 ||     3
